 Dungeon Crawl Stone Soup version 0.30-a0-639-g3916f1956a (webtiles) character file.

Game seed: 5476543422804103791

101 wormed the Insei (level 4, -6/29 HPs)
             Began as an Octopode Transmuter on Jan 16, 2023.
             Mangled by a gnoll
             ... wielding a +0 halberd
              (14 damage)
             ... on level 2 of the Dungeon.
             The game lasted 00:02:06 (1684 turns).

wormed the Insei (Octopode Transmuter)              Turns: 1684, Time: 00:02:07

Health: -6/29      AC:  1    Str:  9    XL:     4   Next: 75%
Magic:  4/7        EV: 13    Int: 17    God:
Gold:   56         SH:  0    Dex: 12    Spells: 4/7 levels left

rFire   . . .      SeeInvis .      - Unarmed
rCold   . . .      Faith    .    (no shield)
rNeg    . . .      Spirit   .    (helmet currently unavailable)
rPois   .          Reflect  .    (no amulet)
rElec   .          Harm     .    (no ring)
rCorr   .          Rampage  .    (no ring)
Will    .....                    (no ring)
Stlth   ++                       (no ring)
HPRegen 0.24/turn                (no ring)
MPRegen 0.10/turn                (no ring)
                                 (no ring)
                                 (no ring)

@: appendages, wereblooded
A: tentacle spike 3, almost no armour, amphibious, 8 rings, camouflage 1,
gelatinous body 1, (nimble swimmer 1), tentacles
a: End Transformation


You were on level 2 of the Dungeon.
One of your tentacles had grown a beastly spike.
You visited 1 branch of the dungeon, and saw 2 of its levels.

You collected 56 gold pieces.

Inventory:

Scrolls
 c - a scroll of poison {unknown}
 e - 2 scrolls of teleportation {unknown}
 f - a scroll of fear {unknown}
Potions
 a - a potion of lignification
 b - 2 potions of haste {unknown}
 d - a potion of brilliance {unknown}


   Skills:
 + Level 1.7 Fighting
 + Level 2.5 Dodging
 + Level 3.3 Unarmed Combat
 + Level 2.4 Spellcasting
 * Level 3.1 Transmutations
 + Level 1.2 Ice Magic


You had 4 spell levels left.
You knew the following spells:

 Your Spells              Type           Power      Damage    Failure   Level
a - Beastly Appendage     Tmut           24%        N/A       5%          1
b - Wereblood             Tmut           12%        N/A       8%          2

Your spell library contained the following spells:

 Spells                   Type           Power      Damage    Failure   Level
 Spider Form              Tmut/Pois      7%         N/A       28%         3
 Ice Form                 Ice/Tmut       9%         N/A       58%         4


Dungeon Overview and Level Annotations

Branches:
Dungeon (2/15)

Altars:


Innate Abilities, Weirdness & Mutations

One of your tentacles has grown a beastly spike.
You cannot wear most types of armour.
You are amphibious.
You can wear up to eight rings at the same time.
Your skin changes colour to match your surroundings (Stealth+).
Your rubbery body absorbs attacks. (AC +1, EV +1)
((You are camouflaged when in or above water. (Stealth+)))
You have tentacles for arms and can constrict up to eight enemies at once.


Message History

You tentacle-slap the gnoll but do no damage.
You pierce the gnoll.
You feel a bit better.
You kill the gnoll!
Your transformation is almost over.
The gnoll completely misses you.
Your tentacle spike disappears.
Your primal bloodlust is almost over.
Your primal bloodlust has ended.
You see here a +0 club.
You see here a worm corpse.
An endoplasm comes into view.
The endoplasm moves out of view.
Casting: Wereblood (safe; 8% risk of failure)
Confirm with . or Enter, or press ? or * to list all spells.
One of your tentacles grows a vicious spike.
The endoplasm quivers.
The gnoll hits you from afar with a +0 spear.
Casting: Beastly Appendage (safe; 5% risk of failure)
Confirm with . or Enter, or press ? or * to list all spells.
Your blood is infused with primal strength.
The endoplasm hits you. The gnoll misses you.
You barely miss the endoplasm.
The gnoll hits you from afar with a +0 spear.
The endoplasm freezes you.
You are frozen.
You tentacle-slap the endoplasm but do no damage.
You pierce the endoplasm, but do no damage.
You squeeze the endoplasm.
The endoplasm is heavily wounded.
The gnoll hits you from afar with a +0 halberd.
* * * LOW HITPOINT WARNING * * *
The gnoll misses you. The endoplasm freezes you.
You are frozen.
* * * LOW HITPOINT WARNING * * *
You tentacle-slap the endoplasm but do no damage.
Your tentacle spike misses the endoplasm.
The endoplasm is heavily wounded.
The gnoll hits you from afar with a +0 halberd!
You die...

#.# #.# #####.## #.# #.# #......#
#.# #.# #.###..# #.#
#.#########.#....#
#.########...........#....#
######........r.########..#....#.
..............gg.......#.........
...........####.#####....####..#.
##########.# #.@J.............#.
#.# ################.# #.# .# #..
.# #.# ###


You could see 2 gnolls, an endoplasm and a rat.

Vanquished Creatures
  Terence (D:2)
  A gnoll (D:2)
  2 adders (D:2)
  A worm (D:2)
  3 dart slugs (D:1)
  3 bats
  2 endoplasms (D:1)
  3 giant cockroaches (D:1)
  2 goblins
  7 hobgoblins
  A quokka (D:1)
  5 ball pythons (D:1)
  2 frilled lizards (D:1)
  6 kobolds
  3 rats
42 creatures vanquished.

Notes
Turn   | Place    | Note
-------+----------+-------------------------------------------
     0 | D:1      | wormed the Octopode Transmuter began the quest for the Orb.
     0 | D:1      | Reached XP level 1. HP: 13/13 MP: 3/3
   208 | D:1      | Reached XP level 2. HP: 11/18 MP: 5/5
   270 | D:1      | Learned a level 2 spell: Wereblood
   465 | D:1      | Reached XP level 3. HP: 23/23 MP: 2/6
  1317 | D:2      | Noticed Terence
  1339 | D:2      | Killed Terence
  1340 | D:2      | Reached skill level 1 in Ice Magic
  1340 | D:2      | Reached XP level 4. HP: 28/28 MP: 5/7
  1684 | D:2      | Mangled by a gnoll

Illustrated notes

Levels and vault maps discovered:
D:1:      dpeg_cavernosity, layout_loops_ring
D:2:      layout_basic, ebering_ecumenical_altar_ruins, uniq_terence

Skill      XL: |  1  2  3 |
---------------+----------+-----
Transmutations | 3 |  3.1
Ice Magic      | 1 |  1.2
Fighting       | |  1.7
Dodging        | |  2.5
Unarmed Combat | |  3.3
Spellcasting   | |  2.4

Action                   |  1- 3 |  4- 6 || total
-------------------------+-------+-------++-------
Melee: Unarmed           |    92 |    20 ||   112
       Constrict         |    23 |     4 ||    27
       Tentacles         |    14 |     5 ||    19
       Kick              |    14 |     8 ||    22
       Punch             |     1 |       ||     1
 Cast: Wereblood         |    10 |     6 ||    16
       Beastly Appendage |    12 |     6 ||    18
  Use: Scroll            |     2 |       ||     2
       Potion            |     1 |       ||     1
 Stab: Sleeping          |     7 |       ||     7
Armor: Skin              |    13 |     2 ||    15
Dodge: Dodged            |    55 |    17 ||    72

Table legend: (Time is in decaauts)
 A = Elapsed time spent in this place.
 B = Non-inter-level travel time spent in this place.
 C = Inter-level travel time spent in this place.
 D = Time resting spent in this place.
 E = Time spent auto-exploring this place.
 F = Levels seen in this place.
 G = Mean time per level.
                   A        B        C        D        E       F      G
               +--------+--------+--------+--------+--------+-----+--------+
         Total |   1677 |   1609 |     68 |      0 |   1293 |   2 |  838.5 |
       Dungeon |   1677 |   1609 |     68 |      0 |   1293 |   2 |  838.5 |
               +--------+--------+--------+--------+--------+-----+--------+

Top non-repeatable levels by time:
     D:1: 1106 daAuts
     D:2: 571 daAuts
